 Dungeon Crawl Stone Soup version 0.26-a0-660-gc07710193c (console) character file.

Game seed: 13794526970342219145

12 om the Chiller (level 2, 0/20 HPs)
             Began as a Draconian Ice Elementalist on Oct 5, 2020.
             Slain by a worker ant (8 damage)
             ... on level 2 of the Dungeon.
             The game lasted 00:01:17 (1064 turns).

om the Chiller (Draconian Ice Elementalist)         Turns: 1064, Time: 00:01:17

Health: 0/20       AC:  4    Str: 10    XL:     2   Next: 20%
Magic:  2/5        EV: 12    Int: 15    God:
Gold:   58         SH:  0    Dex: 11    Spells: 4/5 levels left

rFire    . . .     SeeInvis .   d - +0 whip
rCold    . . .     Faith    .   (no shield)
rNeg     . . .     Spirit   .   (armour unavailable)
rPois    .         Reflect  .   (helmet restricted)
rElec    .         Harm     .   (no cloak)
rCorr    .         Rampage  .   (no gloves)
MR       .....                  (no boots)
Stlth    ++........             (no amulet)
HPRegen  0.06/turn              (no ring)
MPRegen  0.09/turn              (no ring)

@: lethally poisoned (0 -> -7)
A: unfitting armour, cold-blooded, AC +4
a: no special abilities


You were on level 2 of the Dungeon.
You visited 1 branch of the dungeon, and saw 2 of its levels.

You collected 58 gold pieces.

Inventory:

Hand Weapons
 d - a +0 whip (weapon)
Jewellery
 b - an uncursed ring of fire
Scrolls
 c - a scroll of remove curse {unknown}
 e - a scroll of amnesia {unknown}
Potions
 a - a potion of mutation {unknown}
 f - a potion of brilliance {unknown}


   Skills:
 + Level 2.0 Dodging
 + Level 2.0 Stealth
 + Level 2.1 Spellcasting
 * Level 4.2 Ice Magic


You had 4 spell levels left.
You knew the following spells:

 Your Spells              Type           Power        Failure   Level
a - Freeze                Ice            ##..         3%          1

Your spell library contained the following spells:

 Spells                   Type           Power        Failure   Level
 Frozen Ramparts          Ice            ##....       12%         3
 Ozocubu's Armour         Ice            ##......     12%         3
 Hailstorm                Conj/Ice       #.......     67%         4
 Summon Ice Beast         Ice/Summ       #.......     67%         4


Dungeon Overview and Level Annotations

Branches:
Dungeon (2/15)

Altars:


Innate Abilities, Weirdness & Mutations

Your plain brown scales are hard. (AC +4)
You cannot fit into any form of body armour.
You are cold-blooded and may be slowed by cold attacks.


Message History

You freeze the worker ant!
The worker ant is heavily wounded.
You feel sick. The worker ant closely misses you.
Casting: Freeze (safe; 3% risk of failure)
Confirm with . or Enter, or press ? or * to list all spells.
Aiming: Freeze (safe; 3% risk of failure)
Press: ? - help, Shift-Dir - straight line, f/p - worker ant
Aim: a worker ant (heavily wounded)
You freeze the worker ant.
The worker ant is heavily wounded.
You feel sick. The worker ant barely misses you.
The worker ant closely misses you.
Casting: Freeze (safe; 3% risk of failure)
Confirm with . or Enter, or press ? or * to list all spells.
Aiming: Freeze (safe; 3% risk of failure)
Press: ? - help, Shift-Dir - straight line, f/p - worker ant
Aim: a worker ant (heavily wounded)
You freeze the worker ant.
The worker ant is severely wounded.
The worker ant bites you!
You die...

## #. #. #. #.
#.########
#B@.......
........###....
......... #
######....
###.## .# .# .#


You could see a worker ant.

Vanquished Creatures
  2 giant cockroaches
  A goblin (D:1)
  4 hobgoblins
  2 bats (D:1)
  A kobold (D:1)
  A rat (D:1)
11 creatures vanquished.

Notes
Turn   | Place    | Note
-------+----------+-------------------------------------------
     0 | D:1      | om the Draconian Ice Elementalist began the quest for the
                  | Orb.
     0 | D:1      | Reached XP level 1. HP: 14/14 MP: 3/3
   668 | D:1      | Reached XP level 2. HP: 18/20 MP: 1/5
  1064 | D:2      | Slain by a worker ant

Illustrated notes

Levels and vault maps discovered:
D:1:      dpeg_cavernosity, layout_rooms
D:2:      layout_loops_ring, nicolae_overflow_crystal_walls, uniq_sigmund

Skill      XL: |  1  2 |
---------------+-------+-----
Stealth        | 2 |  2.0
Dodging        | 2 |  2.0
Spellcasting   | |  2.1
Ice Magic      | |  4.2

Action                   || total
-------------------------++-------
Melee: Whip              ||     5
       Unarmed           ||     4
 Cast: Freeze            ||    18
 Stab: Sleeping          ||     2
Armor: Skin              ||     8
Dodge: Dodged            ||    18

Table legend: (Time is in decaauts)
 A = Elapsed time spent in this place.
 B = Non-inter-level travel time spent in this place.
 C = Inter-level travel time spent in this place.
 D = Time resting spent in this place.
 E = Time spent auto-exploring this place.
 F = Levels seen in this place.
 G = Mean time per level.
                   A        B        C        D        E       F      G
               +--------+--------+--------+--------+--------+-----+--------+
         Total |   1064 |   1023 |     41 |    451 |    491 |   2 |  532.0 |
       Dungeon |   1064 |   1023 |     41 |    451 |    491 |   2 |  532.0 |
               +--------+--------+--------+--------+--------+-----+--------+

Top non-repeatable levels by time:
     D:1: 1047 daAuts
     D:2: 17 daAuts
